AoeStats
← AEO

Arabian Desert

508629797Analyzed
1v1 RM · 8d ago on Sep 23, 2026· 63m 39s· 2 players
Game mode
Random Map
Map size
Tiny (2 player)
Population
200
Speed
Normal
Resources
Standard
Victory
Conquest
Starting age
Dark Age
Ending age
Imperial Age
RankedLock teamsTeams togetherTeam positionsShared explorationLock speedFull tech treeHidden civsTurbo modeCheats
Victory
Defeat
🇮🇹 Japanese · Italy
788
+15
🇹🇷 Chinese · Türkiye
757
-15
AEO
1:19 Loom
10:53 Feudal Age
12:29 Wheelbarrow
11:42 Double-Bit Axe
11:42 Horse Collar
11:54 Town Watch
18:42 Man-at-Arms
19:09 Arson
22:48 Fletching
25:04 Castle Age
24:21 Padded Archer Armor
24:23 Scale Mail Armor
24:35 Forging
25:09 Elite Skirmisher
26:12 Leather Archer Armor
27:14 Crossbowman
28:51 Bow Saw
31:47 Bodkin Arrow
34:39 Ballistics
44:13 Murder Holes
45:50 Gold Mining
48:00 Great Wall
55:44 Town Patrol
56:01 Hand Cart
56:13 Ballistics
56:14 Chain Mail Armor
56:35 Iron Casting
56:06 Scale Barding Armor
64:12 Imperial Age
61:49 Stone Mining
62:44 Gold Shaft Mining
marcelloborghi
12:36 Feudal Age
12:55 Loom
13:03 Double-Bit Axe
14:05 Wheelbarrow
20:45 Castle Age
23:14 Gold Mining
23:17 Stone Mining
24:02 Arson
24:20 Scale Mail Armor
26:16 Gold Mining
27:20 Forging
27:26 Chain Mail Armor
28:58 Gold Shaft Mining
51:27 Fletching
52:43 Bodkin Arrow
57:34 Imperial Age
60:47 Plate Mail Armor
61:28 Iron Casting
61:15 Horse Collar
Connection lost

Rejoining the realm…

Still unreachable

The connection could not be restored.

Session expired

The server has moved on; the page needs a fresh start.